 Dungeon Crawl Stone Soup version 0.21.1-1-g345015f (webtiles) character file.

1758 diana the Grappler (level 8, -2/117 (120) HPs)
             Began as a Troll Monk on May 25, 2018.
             Slain by a killer bee (4 damage)
             ... on level 7 of the Dungeon.
             The game lasted 00:17:19 (3917 turns).

diana the Grappler (Troll Monk)                     Turns: 3917, Time: 00:17:20

HP:   -2/117 (120)  AC: 24    Str: 25    XL:     8   Next: 79%
MP:   7/7           EV:  1    Int:  6    God:
Gold: 194           SH:  0    Dex: 22    Spells: 7/7 levels left

rFire    . . .     SeeInvis .     - Unarmed
rCold    . . .     Gourm    +   (no shield)
rNeg     + + +     Faith    .   (armour currently unavailable)
rPois    +         Spirit   .   (helmet currently unavailable)
rElec    .         Reflect  .   (cloak currently unavailable)
rCorr    .         Harm     .   (gloves unavailable)
MR       .....     NoTele   +   (boots unavailable)
Stlth    ++........             s - amulet of magic regeneration
HPRegen  0.69/turn              A - +2 ring of dexterity
MPRegen  0.35/turn              k - +6 ring of dexterity

@: mighty, lethally poisoned (-2 -> -30), tree-form
A: large, unfitting armour, fast metabolism 3, gourmand, regeneration 1
a: no special abilities


You were on level 7 of the Dungeon.
You were not hungry.
You were a tree.
You visited 1 branch of the dungeon, and saw 7 of its levels.

You collected 194 gold pieces.

Inventory:

Armour
 a - a +0 robe (melded)
Jewellery
 f - an uncursed ring of loudness
 k - a +6 ring of dexterity (right branch)
 s - an amulet of magic regeneration (around neck)
 A - a +2 ring of dexterity (left branch)
Wands
 B - a wand of flame (28)
 D - a wand of random effects (24)
 E - a wand of iceblast (7)
Scrolls
 c - 2 scrolls of teleportation
 e - 6 scrolls of identify
 h - a scroll of enchant weapon
 i - 2 scrolls of remove curse
 m - 5 scrolls of amnesia {unknown}
 n - a scroll of noise {unknown}
 p - a scroll of random uselessness {unknown}
 x - 2 scrolls of fear {unknown}
 y - a scroll of fog {unknown}
 C - a scroll of brand weapon {unknown}
 F - a scroll of magic mapping {unknown}
Potions
 d - 2 potions of might
 j - a potion of lignification
 l - a potion of magic {unknown}
 o - a potion of agility {unknown}
 r - a potion of curing {unknown}
 u - 3 potions of degeneration {unknown}
 v - 2 potions of resistance {unknown}
 z - a potion of brilliance {unknown}
Books
 q - a book of Changes

   Spells                             Type                      Level
   a - Beastly Appendage              Transmutation                1
   b - Sticks to Snakes               Transmutation                2
   c - Spider Form                    Transmutation/Poison         3
   d - Ice Form                       Ice/Transmutation            4
   e - Blade Hands                    Transmutation                5
 t - a book of Cantrips

   Spells                             Type                      Level
   a - Confusing Touch                Hexes                        1
   b - Animate Skeleton               Necromancy                   1
   c - Summon Small Mammal            Summoning                    1
   d - Apportation                    Translocation                1
 w - a book of Flames

   Spells                             Type                      Level
   a - Flame Tongue                   Conjuration/Fire             1
   b - Throw Flame                    Conjuration/Fire             2
   c - Conjure Flame                  Conjuration/Fire             3
   d - Inner Flame                    Hexes/Fire                   3
   e - Sticky Flame                   Conjuration/Fire             4
   f - Fireball                       Conjuration/Fire             5
Comestibles
 b - 15 rations


   Skills:
 + Level 5.3 Fighting
 + Level 5.3 Dodging
 - Level 1.0 Stealth
 * Level 8.5 Unarmed Combat


You had 7 spell levels left.
You didn't know any spells.

Dungeon Overview and Level Annotations

Branches:
Dungeon (7/15)
 Temple: D:4-7

Altars:
Ashenzari
Hepliaklqana
Ru
Uskayaw
Yredelemnul
Zin

Shops:
D:6 ?

Annotations:
D:4 Edmund, Grinder, Ijyb
D:6 Prince Ribbit


Innate Abilities, Weirdness & Mutations

You are too large for most types of armour.
((You have claws for hands.))
Your metabolism is lightning-fast.
You like to eat raw meat.
Your natural rate of healing is unusually fast.
((You are covered in fur. (AC +1)))
((You have very tough skin. (AC +2)))


Message History

You are more poisoned.
The killer bee poisons you! The killer bee closely misses you.
The killer bee stings you.
* * * LOW HITPOINT WARNING * * *
You are more poisoned.
The killer bee poisons you! The killer bee stings you.
* * * LOW HITPOINT WARNING * * *
There are no items here.
Okay, then.
It was a potion of lignification.
You turn into a tree.
Your +0 robe melds into your body.
Your roots penetrate the ground.
You feel less invigorated.
You feel less confused.
* * * LOW HITPOINT WARNING * * *
You feel very sick. The killer bee stings you.
* * * LOW HITPOINT WARNING * * *
The killer bee stings you but does no damage.
The killer bee stings you.
You die...

#####..##+####
...#..# ##.#..#
..#.....# # .
#.......#.#y...
.####..y.yyyy".
.....#.#.##.###
.###y#y#y##.#
#♣yy.....# #
###..##### #
#..# # #(... #
#.##.# # ... .#
# #.# # .#


You could see 5 killer bees.

Vanquished Creatures
  Sigmund (D:4)
  An acid dragon (D:7)
  A water moccasin (D:7)
  An orc warrior (D:6)
  An ice beast (D:6)
  A necrophage (D:5)
  3 ogres
  A centaur (D:7)
  A big kobold (D:7)
  A bullfrog (D:7)
  A killer bee (D:7)
  2 howler monkeys
  3 crimson imps
  A centaur zombie (D:7)
  2 orc priests
  2 iguanas
  Natasha (D:3)
  An orc wizard (D:2)
  2 worker ants (D:4)
  A hound skeleton (D:6)
  3 gnolls (D:3)
  2 adders (D:4)
  2 oozes
  2 adder skeletons
  A dart slug (D:1)
  4 leopard geckos
  14 orcs
  A ball python (D:4)
  3 giant cockroaches
  4 goblins
  10 hobgoblins
  13 jackals
  7 kobolds
  3 quokkas
  4 bats
  7 rats
108 creatures vanquished.

Notes
Turn   | Place    | Note
-------+----------+-------------------------------------------
     0 | D:1      | diana the Troll Monk began the quest for the Orb.
     0 | D:1      | Reached XP level 1. HP: 22/22 MP: 0/0
    20 | D:1      | Reached XP level 2. HP: 21/29 MP: 1/1
   493 | D:1      | Reached XP level 3. HP: 36/36 MP: 2/2
   827 | D:2      | Reached XP level 4. HP: 31/44 MP: 3/3
   829 | D:2      | Reached skill level 4 in Unarmed Combat
   876 | D:2      | Found a shattered altar of Ashenzari.
   886 | D:2      | Found a hazy altar of Hepliaklqana.
   889 | D:2      | Found a sacrificial altar of Ru.
   892 | D:2      | Found a glowing silver altar of Zin.
  1273 | D:3      | Reached XP level 5. HP: 43/53 MP: 4/4
  1469 | D:3      | Found a hide-covered altar of Uskayaw.
  1771 | D:4      | Noticed an ogre
  1802 | D:4      | Killed an ogre
  1802 | D:4      | Reached skill level 5 in Unarmed Combat
  1805 | D:4      | Reached XP level 6. HP: 34/61 MP: 5/5
  1889 | D:4      | Noticed Sigmund
  1889 | D:4      | Noticed Natasha
  1940 | D:3      | Killed Natasha
  1978 | D:4      | Killed Sigmund
  2115 | D:4      | Noticed Grinder
  2145 | D:5      | Entered Level 5 of the Dungeon
  2147 | D:5      | Reached skill level 6 in Unarmed Combat
  2147 | D:5      | Reached XP level 7. HP: 61/68 MP: 6/6
  2898 | D:4      | Noticed Ijyb
  2899 | D:4      | Noticed Edmund
  2900 | D:4      | HP: 1/68 [acid (7)]
  3098 | D:6      | Found Xepluoc's Magic Scroll Shop.
  3116 | D:6      | Reached skill level 7 in Unarmed Combat
  3140 | D:6      | Reached XP level 8. HP: 77/77 MP: 7/7
  3333 | D:6      | Noticed Prince Ribbit
  3511 | D:7      | Reached skill level 5 in Dodging
  3592 | D:7      | Reached skill level 5 in Fighting
  3592 | D:7      | Reached skill level 8 in Unarmed Combat
  3657 | D:7      | Found a basalt altar of Yredelemnul.
  3916 | D:7      | HP: 3/78 [killer bee (1)]
  3917 | D:7      | Slain by a killer bee

Skill      XL: |  1  2  3  4  5  6  7  8 |
---------------+-------------------------+-----
Dodging        | 3 4 5 |  5.3
Unarmed Combat | 4 5 6 7 8 |  8.5
Fighting       | 3 4 5 |  5.3
Stealth        | |  1.0

Action                   |  1- 3 |  4- 6 |  7- 9 || total
-------------------------+-------+-------+-------++-------
Melee: Unarmed           |    75 |   117 |   137 ||   329
       Punch             |     1 |     2 |     4 ||     7
  Use: Scroll            |       |       |     4 ||     4
       Potion            |       |       |     3 ||     3
 Stab: Sleeping          |     1 |       |     1 ||     2
       Distracted        |       |       |     1 ||     1
  Eat: Chunk             |     9 |    11 |     7 ||    27
       Ration            |       |       |     2 ||     2
Armor: Robe              |    21 |    29 |    23 ||    73
       Skin              |       |       |     1 ||     1
Dodge: Dodged            |    33 |    60 |    92 ||   185
